 Dungeon Crawl Stone Soup version 0.20-a0-1006-ge6c5631 (webtiles) character file.

6188 winWinterter the Martial Artist (level 10, -1/73 HPs)
             Began as a Demonspawn Necromancer on Apr 11, 2017.
             Was a Follower of Kikubaaqudgha.
             Slain by a troll (2 damage)
             ... on level 8 of the Dungeon on Apr 13, 2017.
             The game lasted 00:59:00 (14739 turns).

winWinterter the Martial Artist (DsNe)             Turns: 14739, Time: 00:59:00

Health: -1/73      AC:  5    Str:  9    XL:     10   Next: 60%
Magic:  2/19       EV: 15    Int: 21    God:    Kikubaaqudgha [*.....]
Gold:   262        SH:  0    Dex: 14    Spells: 5/21 levels left

rFire    . . .     SeeInvis +     - Unarmed
rCold    + + .     Gourm    .   g - +3 buckler "Gikhliffa" {rN++ MR+}
rNeg     + + .     Faith    .   J - +0 robe {rC+}
rPois    .         Spirit   .   (no helmet)
rElec    .         Reflect  .   (no cloak)
rCorr    .         Harm     .   L - +2 pair of gloves
MR       ++...                  (no boots)
Stlth    +.........             m - amulet of magic regeneration
Regen    0.3/turn               l - ring of protection from cold
MPRegen  0.3/turn               z - ring of wizardry

@: confused, confusing touch, very slightly contaminated
A: claws 2, repulsion field 1, see invisible, clever 1, magic resistance 1,
powered by pain 2, evolution 1, rot immunity
a: Receive Corpses, Renounce Religion


You were on level 8 of the Dungeon.
You worshipped Kikubaaqudgha.
Kikubaaqudgha was aware of your devotion.
You were not hungry.

You visited 2 branches of the dungeon, and saw 9 of its levels.
You also visited: Sewer.

You collected 262 gold pieces.

Inventory:

Hand Weapons
 f - a +1 dagger
 y - the +2 whip of the End {slash, +Blink rElec Str+3}
   (You found it on level 5 of the Dungeon)

   It inflicts extra damage upon your enemies.
   It affects your strength (+3).
   It insulates you from electricity.
   It lets you blink.
Missiles
 p - a throwing net (quivered)
 u - 5 javelins
Armour
 g - the +3 buckler "Gikhliffa" (worn) {rN++ MR+}
   (You acquired it on level 5 of the Dungeon)

   It greatly protects you from negative energy.
   It affects your resistance to hostile enchantments.
 J - a +0 robe of cold resistance (worn)
 L - a +2 pair of gloves (worn)
Magical Staves
 D - an uncursed staff of power
Jewellery
 l - a ring of protection from cold (left hand)
 m - an amulet of magic regeneration (around neck)
 n - an uncursed ring of fire
 v - an uncursed ring of resist corrosion
 z - a ring of wizardry (right hand)
Wands
 o - a wand of disintegration (11/24)
 t - a wand of confusion (10/48)
Scrolls
 d - 2 scrolls of remove curse
 h - 5 scrolls of teleportation
 i - 6 scrolls of identify
 k - a scroll of enchant weapon
 F - 3 scrolls of recharging
Potions
 e - 2 potions of magic
 r - 2 potions of cancellation
 s - 2 potions of flight
 B - a potion of might
 C - 2 potions of curing
 H - a potion of brilliance
Books
 b - a book of Necromancy

   Spells                             Type                      Level
   a - Pain                           Necromancy                   1
   b - Animate Skeleton               Necromancy                   1
   c - Vampiric Draining              Necromancy                   3
   d - Regeneration                   Charms/Necromancy            3
   e - Animate Dead                   Necromancy                   4
   f - Control Undead                 Necromancy                   4
 q - a book of Minor Magic

   Spells                             Type                      Level
   a - Magic Dart                     Conjuration                  1
   b - Blink                          Translocation                2
   c - Call Imp                       Summoning                    2
   d - Slow                           Hexes                        2
   e - Conjure Flame                  Conjuration/Fire             3
   f - Mephitic Cloud                 Conjuration/Poison/Air       3
 x - a book of Cantrips

   Spells                             Type                      Level
   a - Confusing Touch                Hexes                        1
   b - Animate Skeleton               Necromancy                   1
   c - Summon Small Mammal            Summoning                    1
   d - Apportation                    Translocation                1
 G - a book of Callings

   Spells                             Type                      Level
   a - Summon Small Mammal            Summoning                    1
   b - Call Imp                       Summoning                    2
   c - Call Canine Familiar           Summoning                    3
   d - Summon Guardian Golem          Hexes/Summoning              3
   e - Summon Lightning Spire         Summoning/Air                4
   f - Summon Ice Beast               Ice/Summoning                4
 I - Kikubaaqudgha's Disquisition on Stolen Souls
   (Kikubaaqudgha gifted it to you on level 8 of the Dungeon)

   Spells                             Type                      Level
   a - Pain                           Necromancy                   1
   b - Corpse Rot                     Necromancy                   2
   c - Sublimation of Blood           Necromancy                   2
   d - Regeneration                   Charms/Necromancy            3
   e - Control Undead                 Necromancy                   4
Comestibles
 c - 2 bread rations
 A - 3 meat rations


   Skills:
 * Level 4.9 Fighting
 + Level 4.1 Dodging
 - Level 1.9 Stealth
 + Level 1.2 Shields
 * Level 9.6 Unarmed Combat
 + Level 6.4 Spellcasting
 * Level 1.8 Conjurations
 + Level 0.2 Hexes
 - Level 9.0 Necromancy
 + Level 0.1 Air Magic


You had 5 spell levels left.
You knew the following spells:

 Your Spells              Type           Power        Failure   Level  Hunger
a - Pain                  Necr           ####         1%          1    None
b - Vampiric Draining     Necr           #####.....   1%          3    #......
c - Animate Dead          Necr           N/A          1%          4    ###....
d - Regeneration          Chrm/Necr      ####......   3%          3    #......
e - Magic Dart            Conj           ##..         4%          1    None
f - Mephitic Cloud        Conj/Pois/Air  #.......     14%         3    #......
g - Confusing Touch       Hex            #.....       6%          1    None


Dungeon Overview and Level Annotations

Branches:
Dungeon (8/15)             Temple (1/1) D:5
   Lair: D:8-11

Altars:
Cheibriados
Dithmenos
Elyvilon
Fedhas
Gozag
Kikubaaqudgha
Okawaru
Sif Muna
Trog
Uskayaw
Vehumet
Wu Jian
Xom
Yredelemnul
Zin
The Shining One

Shops:
D:5 *

Annotations:
D:3 Soeti's ghost, amateur BuFi
D:6 barbarian's ghost, novice DrBe


Innate Abilities, Weirdness & Mutations

You have very sharp fingernails.
You are surrounded by a mild repulsion field. (EV +2)
You sometimes gain power by taking damage.
You are immune to rotting.
You have supernaturally acute eyesight. (SInv)
Your mind is acute. (Int +2)
You are resistant to hostile enchantments. (MR+)
You evolve.


Message History

Aim: an orc, wielding a short sword (chance to confuse on hit: 76%) That beam is likely to hit you.
Continue anyway?
The ball explodes into a vile cloud!
The stinking cloud engulfs the orc.
The stinking cloud engulfs the white ugly thing.
The stinking cloud engulfs the troll.
The troll is heavily wounded.
The stinking cloud engulfs you!
You are engulfed in noxious fumes.
You choke on the stench!
You are confused.
The orc is engulfed in noxious fumes.
The orc appears confused.
The orc looks very confused.
The white ugly thing tentacle-slaps you!
* * * LOW HITPOINT WARNING * * *
The white ugly thing freezes you! You resist.
* * * LOW HITPOINT WARNING * * *
The troll bites you!
* * * LOW HITPOINT WARNING * * *
The troll claws you.
You die...
Kikubaaqudgha rasps: "You have failed me!
Welcome... death!"

#####.##.#..
#..#.#)# ##..#.#.#
##.(.....##
#..#..)...##
###.##(..)9..#
#...##(.o§).##
#.####..u§T..# #.#
#..§@..##
####)####(......#
##..).##........##
###..##....#......#
#...###.####......#
##.####.).Z^..######
>.........########
..................
##################


You could see a white ugly thing, a troll, a gargoyle and an orc (confused).

Vanquished Creatures
  3 two-headed ogres
  An ugly thing (D:8)
  A hippogriff (D:7)
  A black bear (D:6)
  2 orc warriors
  2 ice beasts
  5 sky beasts
  4 ogres
  A centaur (D:8)
  6 bullfrogs
  A wyvern zombie (D:7)
  A scorpion (D:5)
  12 killer bees (D:7)
  10 wights
  2 howler monkeys (D:7)
  2 centaur zombies
  3 crimson imps
  A jelly (D:7)
  A quasit (D:6)
  A bullfrog zombie (D:5)
  2 hounds (D:6)
  A centaur skeleton (D:8)
  3 orc priests
  A bullfrog skeleton (D:7)
  4 orc wizards
  3 iguanas
  8 worker ants
  A hound skeleton (D:4)
  3 gnolls (D:5)
  16 adders
  5 river rats (Sewer)
  A shadow imp (D:7)
  3 oozes
  2 adder skeletons (D:4)
  2 adder zombies
  3 worms
  2 dart slugs
  4 leopard geckos
  9 orcs
  11 ball pythons
  3 bats (D:1)
  9 giant cockroaches
  7 goblins
  6 hobgoblins
  16 jackals
  4 quokkas
  7 frilled lizards
  8 kobolds
  2 leopard gecko skeletons (D:4)
  A leopard gecko zombie (D:5)
  29 rats
236 creatures vanquished.

Vanquished Creatures (collateral kills)
  An orc warrior (D:8)
  A centaur (D:8)
  A ball python (Sewer)
  2 rats (Sewer)
5 creatures vanquished.

Grand Total: 241 creatures vanquished

Notes
Turn   | Place    | Note
-------+----------+-------------------------------------------
     0 | D:1      | winWinterter the Demonspawn Necromancer began the quest for the Orb.
     0 | D:1      | Reached XP level 1. HP: 13/13 MP: 3/3
   772 | D:1      | Gained mutation: You have sharp fingernails. [demonic ancestry]
   772 | D:1      | Reached XP level 2. HP: 18/19 MP: 1/5
  1520 | D:1      | Reached skill level 5 in Necromancy
  1763 | D:1      | Gained mutation: You sometimes gain a little power by taking damage. [demonic ancestry]
  1763 | D:1      | Reached XP level 3. HP: 23/25 MP: 2/6
  2312 | D:2      | Learned a level 3 spell: Vampiric Draining
  2391 | D:2      | Reached skill level 1 in Unarmed Combat
  2649 | D:2      | Reached skill level 1 in Fighting
  2813 | D:2      | Reached XP level 4. HP: 16/32 MP: 3/7
  3533 | D:2      | Noticed a sky beast
  3542 | D:2      | Killed a sky beast
  3542 | D:2      | Gained mutation: You are immune to rotting. [demonic ancestry]
  3542 | D:2      | Reached XP level 5. HP: 18/38 MP: 0/8
  4060 | D:3      | Noticed Soeti's ghost (amateur BuFi)
  4441 | D:3      | Found an iron altar of Okawaru.
  4596 | D:4      | Found a blossoming altar of Fedhas.
  4596 | D:4      | Found a radiant altar of Vehumet.
  4601 | D:4      | Found a snail-covered altar of Cheibriados.
  4601 | D:4      | Found an iron altar of Okawaru.
  4791 | D:4      | Noticed a sky beast
  4831 | D:4      | Killed a sky beast
  4831 | D:4      | Gained mutation: You sometimes gain power by taking damage. [demonic ancestry]
  4831 | D:4      | Reached XP level 6. HP: 16/44 MP: 2/9
  5971 | D:4      | Learned a level 4 spell: Animate Dead
  6441 | D:5      | Entered Level 5 of the Dungeon
  6444 | D:5      | Noticed a sky beast
  6458 | D:5      | Killed a sky beast
  6458 | D:5      | Gained mutation: You have very sharp fingernails. [demonic ancestry]
  6458 | D:5      | Reached XP level 7. HP: 17/50 MP: 0/10
  6792 | D:5      | Reached skill level 5 in Unarmed Combat
  6903 | D:5      | Got an ebony whip
  6904 | D:5      | Identified the +2 whip of the End {slash, +Blink rElec Str+3} (You found it on level 5 of the Dungeon)
  6991 | D:5      | Found Nummyij's Assorted Antiques.
  7148 | D:5      | Found a glowing drain.
  7157 | Sewer    | Entered a sewer
  8129 | Sewer    | Gained mutation: You are surrounded by a mild repulsion field. (EV +2) [demonic ancestry]
  8129 | Sewer    | Reached XP level 8. HP: 47/57 MP: 6/11
  8136 | Sewer    | Upgraded the game from 0.20-a0-993-gba41c3c to 0.20-a0-1000-g0e8f6bb
  8303 | D:5      | Identified a scroll of acquirement
  8304 | D:5      | Got a faintly glowing buckler
  8310 | D:5      | Identified the +3 buckler "Gikhliffa" {rN++ MR+} (You acquired it on level 5 of the Dungeon)
  8314 | D:5      | Learned a level 3 spell: Regeneration
  8500 | D:5      | Gained mutation: You occasionally shout uncontrollably at your foes. [potion of mutation]
  8500 | D:5      | Gained mutation: You evolve. [potion of mutation]
  8500 | D:5      | Gained mutation: Your mind is acute. (Int +2) [potion of mutation]
  8500 | D:5      | Gained mutation: You are resistant to hostile enchantments. (MR+) [potion of mutation]
  8932 | D:5      | Lost mutation: You occasionally shout uncontrollably at your foes. [evolution]
  9021 | D:5      | Found a staircase to the Ecumenical Temple.
  9235 | Temple   | Entered the Ecumenical Temple
  9630 | Temple   | Became a worshipper of Kikubaaqudgha
  9824 | D:6      | Gained mutation: You have supernaturally acute eyesight. (SInv) [evolution]
 10241 | D:6      | Reached skill level 1 in Shields
 10298 | D:6      | Upgraded the game from 0.20-a0-1000-g0e8f6bb to 0.20-a0-1006-ge6c5631
 10355 | D:6      | Noticed barbarian's ghost (novice DrBe)
 10660 | D:6      | Reached XP level 9. HP: 50/62 MP: 6/12
 10776 | D:6      | Learned a level 1 spell: Magic Dart
 12421 | D:7      | Found an ornate altar of the Wu Jian Council.
 13147 | D:8      | Reached * piety under Kikubaaqudgha
 13147 | D:8      | Identified Kikubaaqudgha's Disquisition on Stolen Souls (Kikubaaqudgha gifted it to you on level 8 of the Dungeon)
 13147 | D:8      | Received a gift from Kikubaaqudgha
 14015 | D:7      | Reached XP level 10. HP: 59/72 MP: 14/17
 14160 | D:8      | Noticed a two-headed ogre
 14200 | D:8      | Noticed a purple ugly thing
 14213 | D:8      | Killed a purple ugly thing
 14213 | D:8      | Reached skill level 5 in Spellcasting
 14242 | D:8      | Noticed a two-headed ogre
 14253 | D:8      | Noticed a two-headed ogre
 14271 | D:7      | Killed a two-headed ogre
 14294 | D:7      | Learned a level 3 spell: Mephitic Cloud
 14296 | D:7      | Learned a level 1 spell: Confusing Touch
 14608 | D:8      | Killed a two-headed ogre
 14608 | D:8      | Reached skill level 1 in Conjurations
 14617 | D:8      | Killed a two-headed ogre
 14715 | D:8      | Noticed a gargoyle
 14734 | D:8      | Noticed a white ugly thing
 14739 | D:8      | HP: 1/73 [troll (8)]
 14739 | D:8      | Slain by a troll

Vault maps used:
D:1:      dpeg_arrival_radiant
D:2:      kb_forest_paths, first_bread
D:3:      kennysheep_pointless_box, okawaru_trees_1
D:4:      cheibrodos_barr_body, grunt_temple_overflow_open,
          minmay_misc_feat_nine_boxes
D:5:      minmay_temple_entry_enclosed_plants, serial_shops, shop,
          portal_sewer_entry_d, kennysheep_boxes
D:6:      minitemple, uniq_eustachio
D:7:      serial_corexii_hall, corexii_hall_statues_deadend,
          corexii_hall_statues_i, basic_altar
D:8:      hangedman_pestilent_swarm, minmay_evil_grid
Temple:   minmay_temple_forest_path
Sewer:    sewer_minmay_w

Skill      XL: |  1  2  3  4  5  6  7  8  9 10 |
---------------+-------------------------------+-----
Dodging        | 2 3 4 |  4.1
Necromancy     | 5 6 7 9 |  9.0
Unarmed Combat | 1 3 4 5 6 8 9 |  9.6
Fighting       | 1 2 4 |  4.9
Shields        | 1 |  1.2
Spellcasting   | 4 6 |  6.4
Conjurations   | 1 |  1.8
Stealth        | |  1.9
Hexes          | |  0.2
Air Magic      | |  0.1

Action                   |  1- 3 |  4- 6 |  7- 9 | 10-12 || total
-------------------------+-------+-------+-------+-------++-------
Melee: Unarmed           |    63 |   120 |   303 |    50 ||   536
       Dagger            |     5 |       |       |       ||     5
       Punch             |       |     1 |       |       ||     1
 Cast: Pain              |    65 |    97 |   214 |    36 ||   412
       Vampiric Draining |       |     3 |    24 |     6 ||    33
       Animate Dead      |       |       |     4 |     5 ||     9
       Magic Dart        |       |       |    22 |       ||    22
       Mephitic Cloud    |       |       |       |     7 ||     7
       Confusing Touch   |       |       |       |     3 ||     3
Invok: Receive Corpses   |       |       |       |     1 ||     1
  Use: Potion            |     2 |       |     7 |       ||     9
       Scroll            |       |       |    15 |     1 ||    16
 Stab: Sleeping          |       |     2 |     2 |       ||     4
       Confused          |       |       |       |     1 ||     1
  Eat: Chunk             |     7 |     8 |    14 |       ||    29
       Royal jelly       |       |     1 |     2 |     1 ||     4
       Fruit             |       |     3 |    10 |       ||    13
       Bread ration      |       |       |     1 |       ||     1
Armor: Robe              |    15 |    17 |    31 |     1 ||    64
Dodge: Dodged            |    50 |   102 |   258 |    33 ||   443
Block: Buckler           |       |       |    97 |    14 ||   111
